 Dungeon Crawl Stone Soup version 0.25-a0-942-g87a53962fc (webtiles) character file.

Game seed: 15605754473243936222, levelgen mode: deterministic

39 Flugslaktarn the Covered (level 3, -3/33 HPs)
             Began as a Minotaur Fighter on May 7, 2020.
             Killed by nerve-wracking pain
             ... invoked by an orc priest
              (12 damage)
             ... on level 3 of the Dungeon.
             The game lasted 00:00:32 (1474 turns).

Flugslaktarn the Covered (Minotaur Fighter)         Turns: 1474, Time: 00:00:33

Health: -3/33      AC:  7    Str: 21    XL:     3   Next: 28%
Magic:  2/2        EV:  7    Int:  5    God:
Gold:   142        SH:  9    Dex:  9    Spells: 2/2 levels left

rFire    . . .     SeeInvis .   a - +0 war axe
rCold    . . .     Gourm    .   c - +0 kite shield
rNeg     . . .     Faith    .   b - +0 scale mail
rPois    .         Spirit   .   (helmet restricted)
rElec    .         Reflect  .   (no cloak)
rCorr    .         Harm     .   (no gloves)
MR       .....                  (no boots)
Stlth    ..........             g - amulet of rage
HPRegen  0.11/turn              (no ring)
MPRegen  0.08/turn              (no ring)

@: lethally poisoned (-3 -> -17)
A: retaliatory headbutt, horns 2
a: Evoke Berserk Rage


You were on level 3 of the Dungeon.
You were not hungry.

You visited 1 branch of the dungeon, and saw 3 of its levels.

You collected 142 gold pieces.

Inventory:

Hand Weapons
 a - a +0 war axe (weapon)
Armour
 b - a +0 scale mail (worn)
 c - a +0 kite shield (worn)
Jewellery
 g - an amulet of rage (around neck)
   (You found it on level 1 of the Dungeon)
 h - a cursed -3 ring of evasion {unknown}
   (You found it on level 1 of the Dungeon)
 q - a +4 ring of dexterity {unknown}
   (You found it on level 2 of the Dungeon)
Scrolls
 f - 2 scrolls of remove curse {unknown}
 j - a scroll of blinking {unknown}
 l - 4 scrolls of magic mapping {unknown}
 m - 5 scrolls of identify {unknown}
Potions
 d - a potion of might
 i - a potion of mutation {unknown}
 k - a potion of resistance {unknown}
 n - a potion of lignification {unknown}
 o - a potion of haste {unknown}
 r - a potion of cancellation {unknown}
Comestibles
 e - 7 rations


   Skills:
 + Level 4.0 Fighting
 * Level 3.4 Axes
 + Level 4.0 Armour
 + Level 4.0 Shields


You had 2 spell levels left.
You didn't know any spells.
Your spell library was empty.

Dungeon Overview and Level Annotations

Branches:
Dungeon (3/15)

Altars:
Nemelex Xobeh


Innate Abilities, Weirdness & Mutations

You reflexively headbutt those who attack you in melee.
You have a pair of horns on your head.


Message History

The orc priest is severely wounded.
You barely miss the orc priest.
You feel sick. You block the orc priest's attack.
The orc priest closely misses you.
The orc priest mumbles some strange prayers to Beogh against you.
Beogh smites you!
You closely miss the orc priest.
The orc priest is severely wounded.
You barely miss the orc priest.
You feel sick. You block the orc priest's attack.
The orc priest hits you with a +0 flail of venom.
You are lethally poisoned!
The orc priest hits you but does no damage.
Your shield and scale mail prevent you from hitting the orc priest.
The orc priest is severely wounded.
You barely miss the orc priest.
* * * LOW HITPOINT WARNING * * *
You feel sick.
The orc priest calls down the wrath of Beogh upon you.
Pain shoots through your body!
You die...

...............##
#########.......#
#.............###
#.....#######.#### # #
#........# #......
#.#.###.###.##.###......
.............#..........
#.#.....######......####
......o@#...........#
#.###.#o#.#####.....#
...#o# ........# ##. #g#
#######..# .. ... ...#
## [.# .... ... .....
#.## ....#


You could see 3 orc priests and a goblin.

Vanquished Creatures
  2 worms
  A dart slug (D:1)
  3 orcs
  2 giant cockroaches (D:2)
  4 goblins
  A hobgoblin (D:1)
  4 jackals (D:1)
  3 bats
  A frilled lizard (D:1)
  3 kobolds (D:1)
  2 rats
26 creatures vanquished.

Notes
Turn   | Place    | Note
-------+----------+-------------------------------------------
     0 | D:1      | Flugslaktarn the Minotaur Fighter began the quest for the
                  | Orb.
     0 | D:1      | Reached XP level 1. HP: 19/19 MP: 0/0
   304 | D:1      | Reached XP level 2. HP: 27/27 MP: 1/1
   584 | D:1      | Found a sparkling altar of Nemelex Xobeh.
  1024 | D:2      | Reached XP level 3. HP: 33/33 MP: 2/2
  1138 | D:2      | Found a faded altar of an unknown god.
  1474 | D:3      | Killed from afar by an orc priest

Levels and vault maps discovered:
D:1:      dpeg_arrival_rooms_b, layout_basic, minmay_hedge_maze,
          nemelex_diamond_rough_becter
D:2:      layout_basic, first_ration, chequers_ecumenical_altar_simple
D:3:      layout_basic, marbit_many_paths

Skill      XL: |  1  2  3 |
---------------+----------+-----
Axes           | 3 |  3.4
Fighting       | 4 |  4.0
Armour         | 4 |  4.0
Shields        | 4 |  4.0

Action                   || total
-------------------------++-------
Melee: War axe           ||    74
       Headbutt          ||     6
  Eat: Chunk             ||     2
Armor: Scale mail        ||    50
Dodge: Dodged            ||    23
Block: Kite shield       ||    29

Table legend:
 A = Non-vault XP
 B = Vault XP
 C = Vault XP percentage of total XP
 D = Non-vault monster count
 E = Vault monster count
 F = Vault count percentage of total count
                 A         B        C        D         E       F
            +---------+---------+-------+---------+---------+-------
      Total |      57 |       0 |   0.0 |      26 |       0 |   0.0
            +---------+---------+-------+---------+---------+-------
        D:1 |      28 |       0 |   0.0 |      15 |       0 |   0.0
        D:2 |      17 |       0 |   0.0 |       8 |       0 |   0.0
        D:3 |      12 |       0 |   0.0 |       3 |       0 |   0.0
            +---------+---------+-------+---------+---------+-------
